 Dungeon Crawl Stone Soup version 0.21.1-1-g345015f (webtiles) character file.

939 Larett the Covert (level 8, 0/50 HPs)
             Began as an Octopode Assassin on Feb 16, 2018.
             Was an Initiate of Ashenzari.
             Killed by divine providence
             ... invoked by an orc priest
              (14 damage)
             ... on level 6 of the Dungeon.
             The game lasted 00:14:06 (7363 turns).

Larett the Covert (Octopode Assassin)               Turns: 7363, Time: 00:14:06

Health: 0/50       AC:  1    Str: 10    XL:     8   Next: 12%
Magic:  17/17      EV: 17    Int: 14    God:    Ashenzari [......]
Gold:   307        SH:  0    Dex: 15    Spells: 7/7 levels left

rFire    . . .     SeeInvis +   a - +3 dagger
rCold    . . .     Gourm    .   (no shield)
rNeg     . . .     Faith    .   (helmet restricted)
rPois    .         Spirit   .   (no amulet)
rElec    .         Reflect  .   H - ring of magical power
rCorr    .         Harm     .   (no ring)
MR       .....     Clarity  +   (no ring)
Stlth    +++++.....             (no ring)
HPRegen  0.56/turn              (no ring)
MPRegen  0.15/turn              (no ring)
                                (no ring)
                                (no ring)

@: no status effects
A: almost no armour, stealthy swim, amphibious, 8 rings, constrict 8, antennae
1, camouflage 1, see invisible, clarity, regeneration 1, gelatinous body 1
a: Curse Item, Renounce Religion


You were on level 6 of the Dungeon.
You worshipped Ashenzari.
Ashenzari was noncommittal.
You were hungry.

You visited 2 branches of the dungeon, and saw 7 of its levels.

You collected 307 gold pieces.

Inventory:

Hand Weapons
 a - a +3 dagger (weapon)
 b - a +0 hunting sling
 q - a +0 blowgun
Missiles
 c - 42 poisoned needles
 d - 2 curare-tipped needles
 r - 132 stones
 x - 32 bolts
 F - 45 arrows
 L - 6 tomahawks (quivered)
 O - 25 sling bullets
 X - 3 silver javelins
 Z - 7 tomahawks of dispersal {!f}
Jewellery
 H - a ring of magical power (left tentacle)
Wands
 S - a wand of disintegration (14)
 T - a wand of random effects (19)
Scrolls
 y - 3 scrolls of remove curse
 B - a scroll of blinking
 D - a scroll of noise {!r}
 M - 2 scrolls of magic mapping {!r}
 V - 2 scrolls of amnesia
 Y - a scroll of enchant armour {unknown}
Potions
 t - a potion of lignification {!q}
 z - 2 potions of heal wounds
 J - 3 potions of might
 N - 3 potions of haste
 P - a potion of flight
 Q - a potion of curing
 U - 2 potions of brilliance
Comestibles
 f - 9 rations


   Skills:
 - Level 2.0 Fighting
 - Level 2.0 Short Blades
 - Level 2.0 Throwing
 + Level 6.7 Dodging
 - Level 10.0 Stealth


You had 7 spell levels left.
You didn't know any spells.

Dungeon Overview and Level Annotations

Branches:
Dungeon (6/15)             Temple (1/1) D:6

Altars:
Ashenzari
Dithmenos
Elyvilon
Fedhas
Hepliaklqana
Makhleb
Okawaru
Ru
Xom
Yredelemnul
Zin
The Shining One

Shops:
D:6 [

Annotations:
D:3 incogguy's ghost, amateur GrBe


Innate Abilities, Weirdness & Mutations

You cannot wear most types of armour.
You are very stealthy in the water. (Stealth+)
You are amphibious.
You can wear up to eight rings at the same time.
You can use your tentacles to constrict eight enemies at once.
Your skin changes colour to match your surroundings (Stealth+).
Your rubbery body absorbs attacks. (AC +1, EV +1)
You have a pair of small antennae on your head.
You have supernaturally acute eyesight. (SInv)
You possess an exceptional clarity of mind.
Your natural rate of healing is unusually fast.


Message History

You hit the orc warrior but do no damage.
You squeeze the orc warrior, but do no damage.
The orc warrior is lightly wounded.
You constrict the orc warrior.
The orc warrior hits you with a short sword!
* * * LOW HITPOINT WARNING * * *
You hit the orc warrior.
The orc warrior is moderately wounded.
You constrict the orc warrior, but do no damage.
The orc warrior hits you with a short sword.
* * * LOW HITPOINT WARNING * * *
You barely miss the orc warrior.
The orc warrior is moderately wounded.
You constrict the orc warrior, but do no damage.
The orc priest looks encouraged for a moment.
You release your grip on the orc warrior.
The orc priest miscasts a cantrip.
The orc priest mumbles some strange prayers to Beogh against you.
Beogh smites you!
You die...

# #.#..........# #
#.#..........# #
#.#.##...##### #
#.#.###..##### #####.#.#
#..##.. # ....#.#.#
##>##.# #.# ......#.#
#####.# ..
..#.#.#.###.....#####.##.#
#.#.###.#.......@o.o)o...#
..#.......#.#########.####
#######.###.# .. #.....#
## #######


You could see an orc warrior, an orc priest and an orc.

Vanquished Creatures
  An ogre (D:5)
  A centaur (D:6)
  A bullfrog (D:6)
  3 crimson imps (D:5)
  2 orc priests
  2 hounds
  A bullfrog skeleton (D:5)
  4 worker ants
  3 orc wizards
  A hound zombie (D:5)
  A hound skeleton (D:5)
  3 gnolls
  10 adders
  3 shadow imps
  An ooze (D:2)
  A dart slug (D:3)
  5 leopard geckos
  10 orcs
  6 bats
  8 giant cockroaches
  5 goblins
  15 hobgoblins
  4 jackals
  10 kobolds
  2 quokkas
  5 frilled lizards
  A quokka skeleton (D:4)
  7 rats
116 creatures vanquished.

Notes
Turn   | Place    | Note
-------+----------+-------------------------------------------
     0 | D:1      | Larett the Octopode Assassin began the quest for the Orb.
     0 | D:1      | Reached XP level 1. HP: 14/14 MP: 1/1
   215 | D:1      | Reached skill level 6 in Stealth
   215 | D:1      | Reached XP level 2. HP: 7/19 MP: 2/2
  1111 | D:1      | Reached XP level 3. HP: 24/24 MP: 3/3
  1394 | D:2      | Reached skill level 7 in Stealth
  2128 | D:3      | Reached XP level 4. HP: 27/29 MP: 4/4
  2194 | D:3      | Noticed incogguy's ghost (amateur GrBe)
  2479 | D:3      | Reached skill level 8 in Stealth
  2964 | D:3      | Reached XP level 5. HP: 22/34 MP: 5/5
  3836 | D:4      | Reached skill level 9 in Stealth
  4081 | D:4      | Found a white marble altar of Elyvilon.
  4141 | D:4      | HP: 3/34 [orc wizard/puff of flame (7)]
  4604 | D:4      | Reached XP level 6. HP: 19/39 MP: 6/6
  4606 | D:4      | HP: 5/39 [orc priest/falchion (7)]
  4607 | D:4      | Reached skill level 10 in Stealth
  5145 | D:5      | Entered Level 5 of the Dungeon
  5185 | D:5      | Reached skill level 3 in Dodging
  5550 | D:5      | Reached XP level 7. HP: 45/45 MP: 7/7
  5617 | D:5      | HP: 4/45 [quokka (4)]
  5632 | D:5      | HP: 4/45 [adder (2)]
  5648 | D:5      | HP: 4/45 [jackal (3)]
  5649 | D:5      | HP: 1/45 [quokka (3)]
  6559 | D:5      | Gained mutation: You possess an exceptional clarity of mind. [potion of mutation]
  6559 | D:5      | Gained mutation: Your natural rate of healing is unusually fast. [potion of mutation]
  6559 | D:5      | Gained mutation: You have supernaturally acute eyesight. (SInv) [potion of mutation]
  6559 | D:5      | Gained mutation: You have a pair of small antennae on your head. [potion of mutation]
  6845 | D:6      | Found an iron altar of Okawaru.
  7008 | D:6      | Reached skill level 6 in Dodging
  7102 | D:6      | Reached XP level 8. HP: 40/50 MP: 8/8
  7137 | D:6      | Found a staircase to the Ecumenical Temple.
  7138 | D:6      | Found User's Armour Shoppe.
  7181 | Temple   | Entered the Ecumenical Temple
  7199 | Temple   | Became a worshipper of Ashenzari the Shackled
  7363 | D:6      | Killed from afar by an orc priest

Skill      XL: |  1  2  3  4  5  6  7 |
---------------+----------------------+-----
Stealth        | 6 7 8 9 10 | 10.0
Dodging        | 3 6 |  6.7
Fighting       | |  2.0
Short Blades   | |  2.0
Throwing       | |  2.0

Action                   |  1- 3 |  4- 6 |  7- 9 || total
-------------------------+-------+-------+-------++-------
Melee: Dagger            |    77 |   118 |    93 ||   288
       Constrict         |    18 |    30 |    19 ||    67
       Tentacles         |     4 |    27 |    20 ||    51
 Fire: Hunting sling     |       |       |     3 ||     3
Throw: Tomahawk          |       |     8 |     1 ||     9
  Use: Scroll            |     3 |       |    11 ||    14
       Potion            |       |     1 |     3 ||     4
 Stab: Sleeping          |    16 |    11 |     4 ||    31
  Eat: Chunk             |     4 |    10 |     5 ||    19
Armor: Skin              |     4 |     4 |     2 ||    10
Dodge: Dodged            |    36 |    58 |    76 ||   170
